PBL
CHESTER PIRATES @ DETROIT RED WINGS
06/26/2052
 
TOP OF THE 1ST
Chester Pirates batting - Pitching for Detroit Red Wings : LHP Mike Dempsey
Pitching: LHP Mike Dempsey
Batting: RHB Bill Bundrick 0-0: Called Strike
0-1: Ball
1-1: Ground out 4-3 (Groundball, 4MD, EV 96.3 MPH)
Batting: RHB Edward Purkis 0-0: Called Strike
0-1: Ball
1-1: Swinging Strike
1-2: Strikes out swinging
Batting: RHB Matt Rangel 0-0: Ball
1-0: Ball
2-0: Called Strike
2-1: Foul Ball, location: 2F
2-2: Strikes out looking
Top of the 1st over - 0 runs, 0 hits, 0 errors, 0 left on base; Chester 0 - Detroit 0
BOTTOM OF THE 1ST
Detroit Red Wings batting - Pitching for Chester Pirates : RHP Jesus Acevedo
Pitching: RHP Jesus Acevedo
Batting: SHB David Rousset 0-0: Ball
1-0: Ball
2-0: Foul Ball, location: 2F
2-1: Ball
3-1: Bunted foul
3-2: Foul Ball, location: 25F
3-2: Single, Error in OF, E9, batter to second base (Groundball, 34, EV 109.4 MPH)
Batting: RHB Sam Costello 0-0: Ball
1-0: Ball
2-0: Ball
3-0: Base on Balls
Batting: SHB Leo Menchaca 0-0: Swinging Strike
0-1: Called Strike
0-2: Ball
1-2: Ball
2-2: Ball
3-2: Base on Balls
David Rousset to third
Sam Costello to second
Batting: LHB Ed Leighton 0-0: Called Strike
0-1: Foul Ball, location: 2F
0-2: Foul Ball, location: 7LSF
0-2: Fly out, F9 (Flyball, 89M, EV 99.4 MPH)
Runner from 3rd tags up, OUT at HOME! 9-2
Sam Costello to third
Leo Menchaca to second
Batting: RHB Ivan Murillo 0-0: Ground out U3 (Groundball, 3, EV 106.9 MPH)
Bottom of the 1st over - 0 runs, 1 hit, 1 error, 2 left on base; Chester 0 - Detroit 0
TOP OF THE 2ND
Chester Pirates batting - Pitching for Detroit Red Wings : LHP Mike Dempsey
Batting: RHB Chris Gant 0-0: Swinging Strike
0-1: Ball
1-1: Called Strike
1-2: Strikes out swinging
Batting: RHB Josh Gifford 0-0: Called Strike
0-1: Ball
1-1: Ball
2-1: Called Strike
2-2: Ball
3-2: Base on Balls
Batting: RHB William Lindsey 0-0: Foul Ball, location: 2F
0-1: Swinging Strike
0-2: Strikes out swinging
Batting: RHB Dan Rodkin 0-0: Foul Ball, location: 2F
0-1: 2-RUN HOME RUN (Flyball, 9D, EV 106.3 MPH), Distance : 387 ft
Batting: LHB Herb Achbar 0-0: Called Strike
0-1: Swinging Strike
0-2: Ball
1-2: Foul Ball, location: 9LMF
1-2: Strikes out looking
Top of the 2nd over - 2 runs, 1 hit, 0 errors, 0 left on base; Chester 2 - Detroit 0
BOTTOM OF THE 2ND
Detroit Red Wings batting - Pitching for Chester Pirates : RHP Jesus Acevedo
Batting: LHB Jeff Shields 0-0: Called Strike
0-1: Fly out, F8 (Flyball, 8RS, EV 76.9 MPH)
Batting: RHB Ryan Van Orden 0-0: Ball
1-0: Called Strike
1-1: Foul Ball, location: 2LF
1-2: Strikes out swinging
Batting: RHB Andres Cortez 0-0: Ball
1-0: Ball
2-0: Called Strike
2-1: Foul Ball, location: 2F
2-2: Ground out 4-3 (Groundball, 4, EV 84.4 MPH)
Bottom of the 2nd over - 0 runs, 0 hits, 0 errors, 0 left on base; Chester 2 - Detroit 0
TOP OF THE 3RD
Chester Pirates batting - Pitching for Detroit Red Wings : LHP Mike Dempsey
Batting: SHB Ewan Vermeulen 0-0: Swinging Strike
0-1: Swinging Strike
0-2: Ball
1-2: Strikes out swinging
Batting: RHB Bill Bundrick 0-0: Called Strike
0-1: Foul Ball, location: 3DF
0-2: Fly out, F8 (Flyball, 78M, EV 93.8 MPH)
Batting: RHB Edward Purkis 0-0: Ball
1-0: Ball
2-0: Ground out 4-3 (Groundball, 4S, EV 82.5 MPH)
Top of the 3rd over - 0 runs, 0 hits, 0 errors, 0 left on base; Chester 2 - Detroit 0
BOTTOM OF THE 3RD
Detroit Red Wings batting - Pitching for Chester Pirates : RHP Jesus Acevedo
Batting: RHB Hunter Uttley 0-0: Called Strike
0-1: Fly out, F2 (Popup, 23F, EV 84.4 MPH)
Batting: SHB David Rousset 0-0: Called Strike
0-1: Fly out, F8 (Flyball, 8RM, EV 86.9 MPH)
Batting: RHB Sam Costello 0-0: Ball
1-0: Fly out, F4 (Popup, 4, EV 58.1 MPH)
Bottom of the 3rd over - 0 runs, 0 hits, 0 errors, 0 left on base; Chester 2 - Detroit 0
TOP OF THE 4TH
Chester Pirates batting - Pitching for Detroit Red Wings : LHP Mike Dempsey
Batting: RHB Matt Rangel 0-0: Foul Ball, location: 5FF
0-1: Foul Ball, location: 2F
0-2: Strikes out looking
Batting: RHB Chris Gant 0-0: Foul Ball, location: 5F
0-1: Swinging Strike
0-2: SOLO HOME RUN (Flyball, 8LXD, EV 113.1 MPH), Distance : 454 ft
Batting: RHB Josh Gifford 0-0: Called Strike
0-1: Foul Ball, location: 9LDF
0-2: Strikes out looking
Batting: RHB William Lindsey 0-0: Ball
1-0: Called Strike
1-1: Swinging Strike
1-2: Strikes out swinging
Top of the 4th over - 1 run, 1 hit, 0 errors, 0 left on base; Chester 3 - Detroit 0
BOTTOM OF THE 4TH
Detroit Red Wings batting - Pitching for Chester Pirates : RHP Jesus Acevedo
Batting: SHB Leo Menchaca 0-0: Foul Ball, location: 5DF
0-1: Ball
1-1: Ball
2-1: Foul Ball, location: 2F
2-2: Ball
3-2: Base on Balls
Batting: LHB Ed Leighton 0-0: Called Strike
0-1: Called Strike
0-2: Ball
1-2: Ball
2-2: Foul Ball, location: 5F
2-2: Ball
3-2: Fielders Choice at 2nd, 6-4 (Groundball, 6, EV 90.0 MPH)
Batting: RHB Ivan Murillo 0-0: Ball
1-0: Ball
2-0: Ball
3-0: Base on Balls
Ed Leighton to second
Batting: LHB Jeff Shields 0-0: Ball
1-0: Called Strike
1-1: Swinging Strike
1-2: Strikes out looking
Batting: RHB Ryan Van Orden 0-0: Swinging Strike
0-1: Foul Ball, location: 2F
0-2: Strikes out swinging
Bottom of the 4th over - 0 runs, 0 hits, 0 errors, 2 left on base; Chester 3 - Detroit 0
TOP OF THE 5TH
Chester Pirates batting - Pitching for Detroit Red Wings : LHP Mike Dempsey
Batting: RHB Dan Rodkin 0-0: Foul Ball, location: 9LSF
0-1: Ball
1-1: Foul Ball, location: 25F
1-2: Ball
2-2: Foul Ball, location: 5FF
2-2: Ball
3-2: Foul Ball, location: 2F
3-2: Base on Balls
Batting: LHB Herb Achbar 0-0: Ball
1-0: Called Strike
1-1: Ball
2-1: Called Strike
2-2: Foul Ball, location: 2F
2-2: Strikes out swinging
Batting: SHB Ewan Vermeulen 0-0: Bunted foul
0-1: Ball
1-1: Sac Bunt to P - play at first, batter OUT! 1-4
Dan Rodkin to second
Batting: RHB Bill Bundrick 0-0: Foul Ball, location: 5F
0-1: Fly out, F8 (Flyball, 8LM, EV 93.8 MPH)
Top of the 5th over - 0 runs, 0 hits, 0 errors, 1 left on base; Chester 3 - Detroit 0
BOTTOM OF THE 5TH
Detroit Red Wings batting - Pitching for Chester Pirates : RHP Jesus Acevedo
Batting: RHB Andres Cortez 0-0: Fly out, F3 (Popup, 23F, EV 76.9 MPH)
Batting: RHB Hunter Uttley 0-0: Swinging Strike
0-1: Called Strike
0-2: Ball
1-2: Fly out, F9 (Flyball, 9D, EV 90.0 MPH)
Batting: SHB David Rousset 0-0: Ground out U3 (Groundball, 3L, EV 90.0 MPH)
Bottom of the 5th over - 0 runs, 0 hits, 0 errors, 0 left on base; Chester 3 - Detroit 0
TOP OF THE 6TH
Chester Pirates batting - Pitching for Detroit Red Wings : LHP Mike Dempsey
Pitching: LHP Jayden Carter
Batting: RHB Edward Purkis 0-0: Called Strike
0-1: Ball
1-1: Swinging Strike
1-2: Ball
2-2: Strikes out swinging
Batting: RHB Matt Rangel 0-0: Called Strike
0-1: Foul Ball, location: 25F
0-2: Strikes out looking
Batting: RHB Chris Gant 0-0: Called Strike
0-1: Foul Ball, location: 2F
0-2: SINGLE (Flyball, 4MD, EV 93.8 MPH)
Batting: RHB Josh Gifford 0-0: Called Strike
0-1: Fly out, F8 (Flyball, 8RXD, EV 81.9 MPH)
Top of the 6th over - 0 runs, 1 hit, 0 errors, 1 left on base; Chester 3 - Detroit 0
BOTTOM OF THE 6TH
Detroit Red Wings batting - Pitching for Chester Pirates : RHP Jesus Acevedo
Batting: RHB Sam Costello 0-0: Ball
1-0: Called Strike
1-1: Ball
2-1: Swinging Strike
2-2: Ball
3-2: Foul Ball, location: 5F
3-2: Base on Balls
Pitching: RHP Jeremy Kolb
Batting: SHB Leo Menchaca 0-0: Called Strike
0-1: Foul Ball, location: 2F
0-2: Ball
1-2: Ball
2-2: Strikes out looking
Batting: LHB Ed Leighton 0-0: Fly out, F6 (Popup, 6, EV 58.8 MPH)
Batting: RHB Ivan Murillo 0-0: Called Strike
0-1: Ball
1-1: Ground out 4-3 (Groundball, 34S, EV 87.5 MPH)
Bottom of the 6th over - 0 runs, 0 hits, 0 errors, 1 left on base; Chester 3 - Detroit 0
TOP OF THE 7TH
Chester Pirates batting - Pitching for Detroit Red Wings : LHP Jayden Carter
Pitching: LHP Travis Ventresca
Batting: RHB William Lindsey 0-0: Ball
1-0: Called Strike
1-1: Ball
2-1: Ball
3-1: Base on Balls
Batting: RHB Dan Rodkin 0-0: Ball
1-0: Sac Bunt to 23 - play at first, batter OUT! 3-4
William Lindsey to second
Batting: LHB Herb Achbar 0-0: Ball
1-0: Ball
2-0: Ground out 6-3 (Groundball, 6, EV 85.0 MPH)
Batting: SHB Ewan Vermeulen 0-0: Fly out, F8 (Flyball, 8LD, EV 103.1 MPH)
Top of the 7th over - 0 runs, 0 hits, 0 errors, 1 left on base; Chester 3 - Detroit 0
BOTTOM OF THE 7TH
Detroit Red Wings batting - Pitching for Chester Pirates : RHP Jeremy Kolb
Batting: LHB Jeff Shields 0-0: Called Strike
0-1: Ball
1-1: Swinging Strike
1-2: Fly out, F8 (Flyball, 8LXD, EV 101.3 MPH)
Batting: RHB Ryan Van Orden 0-0: Ground out 6-3 (Groundball, 6, EV 89.4 MPH)
Batting: RHB Andres Cortez 0-0: Called Strike
0-1: Ball
1-1: Reached on error, E6 (Groundball, 6S, EV 70.0 MPH)
Batting: RHB Hunter Uttley 0-0: Swinging Strike
0-1: Ball
1-1: Called Strike
1-2: Strikes out swinging
Bottom of the 7th over - 0 runs, 0 hits, 1 error, 1 left on base; Chester 3 - Detroit 0
TOP OF THE 8TH
Chester Pirates batting - Pitching for Detroit Red Wings : LHP Travis Ventresca
Batting: RHB Bill Bundrick 0-0: Called Strike
0-1: Swinging Strike
0-2: Strikes out swinging
Batting: RHB Edward Purkis 0-0: Ball
1-0: Called Strike
1-1: Foul Ball, location: 2F
1-2: Strikes out swinging
Batting: RHB Matt Rangel 0-0: Foul Ball, location: 9LSF
0-1: Ball
1-1: Foul Ball, location: 23F
1-2: Ball
2-2: Strikes out swinging
Top of the 8th over - 0 runs, 0 hits, 0 errors, 0 left on base; Chester 3 - Detroit 0
BOTTOM OF THE 8TH
Detroit Red Wings batting - Pitching for Chester Pirates : RHP Jeremy Kolb
Pitching: RHP Luis Cortez
Batting: SHB David Rousset 0-0: SINGLE (Line Drive, 9S, EV 100.0 MPH)
Batting: RHB Sam Costello 0-0: Ball
Wild Pitch!
David Rousset to second
1-0: Ground out 6-3 (Groundball, 6, EV 89.4 MPH)
David Rousset to third
Batting: SHB Leo Menchaca 0-0: Ball
1-0: Ball
2-0: Ground out 6-3 (Groundball, 6, EV 92.5 MPH)
David Rousset scores
Batting: LHB Ed Leighton 0-0: Called Strike
0-1: SINGLE (Line Drive, 9S, EV 98.8 MPH)
Batting: RHB Ivan Murillo 0-0: Called Strike
0-1: Swinging Strike
0-2: Strikes out swinging
Bottom of the 8th over - 1 run, 2 hits, 0 errors, 1 left on base; Chester 3 - Detroit 1
TOP OF THE 9TH
Chester Pirates batting - Pitching for Detroit Red Wings : LHP Travis Ventresca
Pitching: RHP Bryan Swaney
Batting: RHB Chris Gant 0-0: Ball
1-0: Called Strike
1-1: Swinging Strike
1-2: Foul Ball, location: 25F
1-2: Ball
2-2: Strikes out swinging
Batting: RHB Josh Gifford 0-0: Foul Ball, location: 7LSFF
0-1: Ball
1-1: Foul Ball, location: 9LDF
1-2: Ball
2-2: Ball
3-2: Foul Ball, location: 9LSF
3-2: Ground out U3 (Groundball, 3L, EV 98.1 MPH)
Batting: RHB William Lindsey 0-0: Ball
1-0: Called Strike
1-1: Fly out, F7 (Flyball, 7, EV 92.5 MPH)
Top of the 9th over - 0 runs, 0 hits, 0 errors, 0 left on base; Chester 3 - Detroit 1
BOTTOM OF THE 9TH
Detroit Red Wings batting - Pitching for Chester Pirates : RHP Luis Cortez
Pitching: LHP Bill Cenci
Pinch Hitting: RHB Leonardo Morales 0-0: Ground out 6-3 (Groundball, 56, EV 83.1 MPH)
Batting: RHB Ryan Van Orden 0-0: Ball
1-0: SINGLE (Groundball, 34D, EV 109.4 MPH)
Batting: RHB Andres Cortez 0-0: Called Strike
0-1: Called Strike
0-2: Strikes out swinging
Batting: RHB Hunter Uttley 0-0: Called Strike
0-1: Ball
1-1: Called Strike
1-2: Strikes out looking
Bottom of the 9th over - 0 runs, 1 hit, 0 errors, 1 left on base; Chester 3 - Detroit 1
Friday, April 26th , 2024 - OOTP Baseball 24.11 Build 85